 Dungeon Crawl Stone Soup version 0.15.0-13-gb296d5c (webtiles) character file.

52 CrazyArbalest the Bolt Thrower (level 3, -3/26 HPs)
             Began as a Demonspawn Hunter on Sept 2, 2014.
             Killed by divine providence
             ... invoked by an orc priest
              (13 damage)
             ... on Level 2 of the Dungeon.
             The game lasted 00:10:41 (1819 turns).

CrazyArbalest the Bolt Thrower (Demonspawn Hunter)  Turns: 1819, Time: 00:10:42

HP  -3/26        AC  4     Str 12      XL: 3   Next: 60%
MP   3/3         EV 11     Int 12      God:
Gold 116         SH  0     Dex 14      Spells:  0 memorised,  2 levels left

rFire  . . .     SeeInvis .     b - +1 hand crossbow
rCold  . . .     Clarity  .     d - +0 leather armour
rNeg   . . .     rCorr    .     (no shield)
rPois  .         rRot     .     (no helmet)
rElec  .         Spirit   .     r - +0 cloak
SustAb .         Warding  .     (no gloves)
rMut   .         Stasis   .     (no boots)
Gourm  .                        (no amulet)
MR     .....                    (no ring)
                                (no ring)

@: not resistant to hostile enchantments, very unstealthy
A: talons 1, powered by death 1
a: no special abilities


You were on level 2 of the Dungeon.
You were not hungry.

You visited 1 branch of the dungeon, and saw 3 of its levels.

You collected 116 gold pieces.

Inventory:

Hand weapons
 a - a +0 club
 b - a +1 hand crossbow (weapon)
Missiles
 c - 33 bolts (quivered)
Armour
 d - a +0 leather armour (worn)
 r - a +0 cloak (worn)
Comestibles
 f - 3 bread rations
 g - a beef jerky
 l - 2 meat rations
 w - a chunk of worm flesh
Scrolls
 m - 2 scrolls of remove curse {unknown}
 n - 2 scrolls of identify {unknown}
 s - 3 scrolls of immolation {unknown}
Jewellery
 e - an uncursed amulet of resist mutation {unknown}
 i - a cursed ring of loudness {unknown}
 t - a +6 ring of strength {unknown}
 v - a +3 ring of evasion {unknown}
Potions
 h - a potion of invisibility {unknown}
 j - 3 potions of curing {unknown}
 k - a potion of brilliance {unknown}
 o - a potion of flight {unknown}
 p - 2 potions of magic {unknown}
 q - a potion of might {unknown}
 u - a potion of resistance {unknown}


   Skills:
 + Level 1.1 Fighting
 * Level 0.6 Maces & Flails
 * Level 4.5 Crossbows
 + Level 0.5 Armour
 + Level 1.8 Dodging
 + Level 1.0 Stealth


You had 2 spell levels left.
You didn't know any spells.

Dungeon Overview and Level Annotations

Branches:
Dungeon (3/15)

Altars:

Annotations:
D:2 Terence


Innate Abilities, Weirdness & Mutations

You have sharp toenails.
You can steal the life force of nearby defeated enemies.


Message History

There is a stone staircase leading down here.
Firing (i - inventory):
c - 36 bolts (quivered)
Press: ? - help, Shift-Dir - straight line, f - orc
Aim: an orc, wielding a war axe You shoot a bolt.
The bolt closely misses the orc.
The orc priest closely misses you. The orc barely misses you.
Firing (i - inventory):
c - 35 bolts (quivered)
Press: ? - help, Shift-Dir - straight line, f/p - orc
Aim: an orc, wielding a war axe You shoot a bolt.
The bolt barely misses the orc.
The orc priest hits you but does no damage.
The orc hits you with a war axe.
Firing (i - inventory):
c - 34 bolts (quivered)
Press: ? - help, Shift-Dir - straight line, f/p - orc
Aim: an orc, wielding a war axe You shoot a bolt.
The bolt barely misses the orc.
The orc priest mumbles some strange prayers to Beogh against you.
Something smites you!
Ouch! That really hurt!
You die...

#.#####.###.###.#
#........(..# #.#
##..#[##.###.###.#
##..#.##.# #.....#
.........# ###.#####
###.####(# #.....#
#.####(# ######.#
###.....(####.####.#
.####.....##...o@o(#
.# #.....###.######
.# #.....# #.# .#
#.....# #.# .#
#.....# #.# ##
###.### #.# ####.#
#.# ##.##.#####.#
###.#.........#


You could see an orc priest and an orc.

Vanquished Creatures
  2 adders (D:2)
  A worm (D:1)
  2 giant geckos
  A ball python (D:2)
  2 giant cockroaches
  A goblin (D:1)
  5 hobgoblins
  2 bats (D:2)
  A giant newt (D:1)
  2 kobolds (D:2)
  10 rats (D:1)
29 creatures vanquished.

Notes
Turn   | Place    | Note
--------------------------------------------------------------
     0 | D:1      | CrazyArbalest, the Demonspawn Hunter, began the quest for the Orb.
     0 | D:1      | Reached XP level 1. HP: 15/15 MP: 1/1
   150 | D:1      | Reached skill level 4 in Crossbows
   158 | D:1      | Gained mutation: You can steal the life force of nearby defeated enemies. [demonic ancestry]
   158 | D:1      | Reached XP level 2. HP: 19/21 MP: 2/2
   845 | D:1      | Reached skill level 1 in Stealth
  1182 | D:2      | Noticed Terence
  1215 | D:2      | Gained mutation: You have sharp toenails. [demonic ancestry]
  1215 | D:2      | Reached XP level 3. HP: 26/26 MP: 3/3
  1819 | D:2      | Killed from afar by an orc priest

Action                   || total
-------------------------++-------
Melee: Club              ||    42
       Short sword       ||    22
 Fire: Hand crossbow     ||    31
  Eat: Chunk             ||     3
